 Dungeon Crawl Stone Soup version 0.29-a0-668-g12ee2bf84d (webtiles) character file.

Game seed: 3006879693093457292

6 purpskrrrp the Ducker (level 1, 0/13 HPs)
             Began as a Demonspawn Wanderer on June 24, 2022.
             Frozen to death by an endoplasm (3 damage)
             ... on level 1 of the Dungeon.
             The game lasted 00:01:07 (199 turns).

purpskrrrp the Ducker (Demonspawn Wanderer)          Turns: 199, Time: 00:01:08

Health: 0/13       AC:  3    Str: 10    XL:     1   Next: 75%
Magic:  2/2        EV: 12    Int: 13    God:
Gold:   17         SH:  4    Dex: 14    Spells: 1/2 levels left

rFire   . . .      SeeInvis .   f - +0 mace
rCold   . . .      Faith    .   c - +0 buckler
rNeg    . . .      Spirit   .   e - +0 leather armour
rPois   .          Reflect  .   (no helmet)
rElec   .          Harm     .   (no cloak)
rCorr   .          Rampage  .   (no gloves)
Will    .....                   (no boots)
Stlth   +.........              (no amulet)
HPRegen 0.04/turn               (no ring)
MPRegen 0.08/turn               (no ring)

@: no status effects
A: no striking features
a: no special abilities


You were on level 1 of the Dungeon.
You visited 1 branch of the dungeon, and saw 1 of its levels.

You collected 17 gold pieces.

Inventory:

Hand Weapons
 a - a +0 dagger
 f - a +0 mace (weapon)
Missiles
 b - 2 throwing nets (quivered)
Armour
 c - a +0 buckler (worn)
 e - a +0 leather armour (worn)
Potions
 d - a potion of curing


   Skills:
 + Level 1.0 Armour
 + Level 3.9 Dodging
 + Level 1.7 Shields
 + Level 1.0 Spellcasting
 + Level 1.0 Summonings
 + Level 1.0 Evocations


You had one spell level left.
You knew the following spells:

 Your Spells              Type           Power      Damage    Failure   Level
a - Summon Small Mammal   Summ           12%        N/A       32%         1

Your spell library contained the following spells:

 Spells                   Type           Power      Damage    Failure   Level
 Call Canine Familiar     Summ           3%         N/A       69%         3


Dungeon Overview and Level Annotations

Branches:
Dungeon (1/15)

Altars:


Message History

You hear a shout!
You hit the hobgoblin.
The hobgoblin is lightly wounded.
A hobgoblin comes into view.
The hobgoblin closely misses you.
The hobgoblin hits you but does no damage.
You hit the hobgoblin.
You kill the hobgoblin!
You barely miss the frilled lizard. The frilled lizard bites you.
You barely miss the frilled lizard. The frilled lizard barely misses you.
The frilled lizard bites you.
You hit the frilled lizard but do no damage.
The frilled lizard barely misses you.
You hit the frilled lizard.
The frilled lizard is moderately wounded.
The hobgoblin closely misses you. The frilled lizard barely misses you.
The hobgoblin closely misses you. You block the frilled lizard's attack.
You miss the frilled lizard.
The frilled lizard is moderately wounded.
The hobgoblin hits you. The frilled lizard bites you.
You miss the frilled lizard.
The frilled lizard is moderately wounded.
The frilled lizard closely misses you. You block the hobgoblin's attack.
The hobgoblin completely misses you.
The frilled lizard completely misses you.
You closely miss the frilled lizard.
The frilled lizard is moderately wounded.
The frilled lizard barely misses you. The hobgoblin barely misses you.
You hit the frilled lizard.
You kill the frilled lizard!
The hobgoblin hits you.
* * * LOW HITPOINT WARNING * * *
You hit the endoplasm.
The endoplasm is almost dead.
You block the hobgoblin's attack.
The endoplasm hits you but does no damage.
The hobgoblin hits you but does no damage.
The endoplasm freezes you.
You are frozen.
You die...

...#...# #..# ...
<..#...###..# ....
...#....##..# .....
...8..#.##..# ......
##.##...##..######......
..)#................(...
......#..#.#####.#......
###.###..........g......
#........#####@#..#+#
#####....# #J# # #....#
... #.#..# ..... #.#..#
#...... #.#.>. ........
... ##########


You could see an endoplasm and a hobgoblin.

Vanquished Creatures
  A ball python (D:1)
  An endoplasm (D:1)
  A hobgoblin (D:1)
  2 bats (D:1)
  A frilled lizard (D:1)
6 creatures vanquished.

Notes
Turn   | Place    | Note
-------+----------+-------------------------------------------
     0 | D:1      | purpskrrrp the Demonspawn Wanderer began the quest for the
                  | Orb.
     0 | D:1      | purpskrrrp set off with the following items: a +0 dagger, 2
                  | throwing nets, a +0 buckler, a potion of curing, a +0
                  | leather armour; and the following spell memorised: Summon
                  | Small Mammal; and the following spells available to
                  | memorise: Call Canine Familiar.
     0 | D:1      | Reached XP level 1. HP: 13/13 MP: 2/2
   199 | D:1      | Frozen to death by an endoplasm

Illustrated notes

Levels and vault maps discovered:
D:1:      scummos_arrival_simple_crosswalls, layout_basic

Action                   || total
-------------------------++-------
Melee: Dagger            ||    13
       Mace              ||    12
  Use: Scroll            ||     1
Armor: Leather armour    ||    16
Dodge: Dodged            ||    43
Block: Buckler           ||    10

Table legend: (Time is in decaauts)
 A = Elapsed time spent in this place.
 B = Non-inter-level travel time spent in this place.
 C = Inter-level travel time spent in this place.
 D = Time resting spent in this place.
 E = Time spent auto-exploring this place.
 F = Levels seen in this place.
 G = Mean time per level.
                   A        B        C        D        E       F      G
               +--------+--------+--------+--------+--------+-----+--------+
         Total |    203 |    164 |     39 |      0 |    100 |   1 |  203.0 |
       Dungeon |    203 |    164 |     39 |      0 |    100 |   1 |  203.0 |
               +--------+--------+--------+--------+--------+-----+--------+

Top non-repeatable levels by time:
     D:1: 203 daAuts
